[Event "Titled Tuesday Blitz February 22 Late 2022"]
[White "Bryakin, Mikhail"]
[Black "Hjartarson, Johann"]
[WhiteFideId "4165314"]
[BlackFideId "2300044"]
[WhiteElo "2421"]
[BlackElo "2484"]
[Result "1-0"]
[Round "11"]
[TimeControl "180+1"]
[Date "2022.02.22"]
[WhiteClock "0:01:04"]
[BlackClock "0:00:03"]

1. e4 g6 2. d4 Bg7 3. Nf3 d6 4. Nc3 Nf6 5. Be2 O-O 6. O-O c6 7. a4 Nbd7 8. h3 e5 9. dxe5 dxe5 10. Be3 Qe7 11. Bc4 Nc5 12. Nd2 Ne6 13. a5 Nh5 14. g3 Nd4 15. Kg2 Rd8 16. Rh1 Be6 17. Bxe6 Qxe6 18. Ne2 f5 19. Bxd4 exd4 20. exf5 Qxf5 21. Nc1 Rf8 22. Nd3 Rae8 23. Re1 Qd5+ 24. Kg1 Bh6 25. Rxe8 Rxe8 26. Nf1 c5 27. b3 Nf6 28. Nh2 Ne4 29. Ng4 Bg7 30. Qf3 h5 31. Nh2 Rf8 32. Qg2 b6 33. Re1 Nc3 34. Qxd5+ Nxd5 35. Re6 Rf6 36. Re8+ Rf8 37. Re6 Rf6 38. Re8+ Rf8 39. Re1 Rc8 40. Nf3 b5 41. Re6 c4 42. bxc4 bxc4 43. Nde1 Rc5 44. a6 Ra5 45. Rxg6 Ra1 46. Kg2 Nb4 47. Rd6 Rxa6 48. Rd8+ Kh7 49. Ng5+ Kg6 50. Ne4 Rc6 51. Nf3 a5 52. Nh4+ Kf7 53. Rd7+ Kg8 54. Nf5 Be5 55. Ng5 Rc8 56. Nh6+ Kf8 57. Nhf7 d3 58. Nxe5 dxc2 59. Ng6+ Ke8 60. Re7+ 1-0


[Site "https://www.chess.com"]

[Event "Titled Tuesday Blitz February 22 Late 2022"]
[White "Budrewicz, Krzysztof"]
[Black "Estrada Nieto, Julian"]
[WhiteFideId "1127950"]
[BlackFideId "5101018"]
[WhiteElo "2248"]
[BlackElo "2246"]
[Result "1-0"]
[Round "11"]
[TimeControl "180+1"]
[Date "2022.02.23"]
[WhiteClock "0:00:26"]
[BlackClock "0:00:03"]

1. d4 d5 2. c4 dxc4 3. e4 e5 4. Nf3 exd4 5. Bxc4 Nc6 6. O-O Be6 7. Bxe6 fxe6 8. Qb3 Qd7 9. Qxb7 Rb8 10. Qa6 Nf6 11. e5 Ne4 12. Qe2 Nc5 13. Nbd2 Be7 14. Nc4 O-O 15. Rd1 Qd5 16. b3 d3 17. Qe3 Nb4 18. Nd4 Ne4 19. f3 Bc5 20. Bb2 Nc2 21. Qxe4 Nxd4 22. Kh1 Qxe4 23. fxe4 Rf2 24. Rxd3 Rbf8 25. h3 Ne2 26. Kh2 Nf4 27. Rg3 Ne2 28. Rg4 h5 29. Rg5 Be3 30. Nxe3 h4 31. Nc4 Ng3 32. Rxg3 hxg3+ 33. Kxg3 Re2 34. Rd1 Rff2 35. Bd4 Rxg2+ 36. Kf3 Rxa2 37. Rg1 Rh2 38. Rg3 Rh1 39. Kg4 Re2 40. Bxa7 Rxe4+ 41. Kg5 Kh7 42. Bc5 Rf1 43. Rg4 Rf5+ 44. Kh4 Rxg4+ 45. hxg4 Rf3 46. b4 Rc3 47. Na5 Kg6 48. Nc6 Kf7 49. Nd8+ Kg6 50. Nxe6 Rc4 51. Nxc7 Kf7 52. e6+ Kf6 53. e7 Kf7 54. e8=Q+ 1-0


[Site "https://www.chess.com"]

[Event "Titled Tuesday Blitz February 22 Late 2022"]
[White "Cardoso Cardoso, Jose Gabriel"]
[Black "Perez Gormaz, Matias"]
[WhiteFideId "4430492"]
[BlackFideId "3406342"]
[WhiteElo "2451"]
[BlackElo "2352"]
[Result "1-0"]
[Round "11"]
[TimeControl "180+1"]
[Date "2022.02.22"]
[WhiteClock "0:00:05"]
[BlackClock "0:00:01"]

1. Nf3 d5 2. b3 Bf5 3. Bb2 e6 4. g3 Nf6 5. Bg2 h6 6. O-O c6 7. d3 Nbd7 8. Nbd2 Be7 9. c4 Bh7 10. Rc1 a5 11. a3 O-O 12. Rc2 Re8 13. Qa1 Bd6 14. Ne5 Nc5 15. cxd5 exd5 16. Rfc1 Ne6 17. Nef3 Be7 18. Rd1 c5 19. e4 dxe4 20. dxe4 Qd3 21. Rcc1 Rad8 22. Ne5 Qa6 23. Bf1 Qb6 24. Ndc4 Qxb3 25. Nxa5 Qb6 26. Nac4 Qc7 27. Bc3 Rxd1 28. Rxd1 Nxe4 29. Rd7 Qb8 30. Bd3 Nf6 31. Bxh7+ Kxh7 32. Qb1+ Kg8 33. Rxb7 Qa8 34. Qb5 Nd5 35. Bb2 Bf6 36. Nxf7 Bxb2 37. Qxb2 Rf8 38. Nce5 1-0


[Site "https://www.chess.com"]

[Event "Titled Tuesday Blitz February 22 Late 2022"]
[White "Chernomordik, Pavel"]
[Black "Kovanova, Baira"]
[WhiteFideId "2804530"]
[BlackFideId "4164083"]
[WhiteElo "2249"]
[BlackElo "2190"]
[Result "1/2-1/2"]
[Round "11"]
[TimeControl "180+1"]
[Date "2022.02.23"]
[WhiteClock "0:01:34"]
[BlackClock "0:01:44"]

1. e4 e5 2. Nf3 Nc6 3. Bb5 a6 4. Ba4 Nge7 5. c3 g6 6. Qe2 Bg7 7. d3 O-O 8. Bg5 h6 9. Be3 d6 10. h3 f5 11. Bb3+ Kh7 12. g4 f4 13. Bc1 Na5 14. Bc2 c5 15. Nbd2 Be6 16. Nf1 Nac6 17. N1h2 Qd7 18. O-O Bf6 19. Kh1 Kg7 20. Rg1 Rh8 21. d4 cxd4 22. cxd4 exd4 23. Bxf4 Rac8 24. a3 1/2-1/2


[Site "https://www.chess.com"]

[Event "Titled Tuesday Blitz February 22 Late 2022"]
[White "Chigaev, Maksim"]
[Black "Maksimovic, Bojan"]
[WhiteFideId "4108116"]
[BlackFideId "14408120"]
[WhiteElo "2502"]
[BlackElo "2450"]
[Result "1-0"]
[Round "11"]
[TimeControl "180+1"]
[Date "2022.02.22"]
[WhiteClock "0:01:47"]
[BlackClock "0:00:01"]

1. d4 a6 2. e4 b6 3. Bd3 Bb7 4. c3 e6 5. Qe2 d6 6. f4 Nd7 7. Nf3 e5 8. O-O Ngf6 9. fxe5 dxe5 10. Na3 Bd6 11. Nc4 Qe7 12. Bg5 O-O-O 13. Nxd6+ Qxd6 14. Bxa6 h6 15. Bh4 Bxa6 16. Qxa6+ Kb8 17. Rae1 Qe6 18. a4 Rde8 19. a5 bxa5 20. Qxa5 Qb6 21. Qa2 exd4 22. Nxd4 Rxe4 23. Rxe4 Nxe4 24. Qxf7 Ndc5 25. Qd5 Nd6 26. Bf2 Qb7 27. Qxc5 Ne4 28. Nc6+ Kc8 29. Qf5# 1-0


[Site "https://www.chess.com"]

[Event "Titled Tuesday Blitz February 22 Late 2022"]
[White "Chiku-Ratte, Olivier-Kenta"]
[Black "Quirke, Jeffrey"]
[WhiteFideId "2614782"]
[BlackFideId "2013029"]
[WhiteElo "2324"]
[BlackElo "2167"]
[Result "1-0"]
[Round "11"]
[TimeControl "180+1"]
[Date "2022.02.23"]
[WhiteClock "0:01:43"]
[BlackClock "0:00:02"]

1. Nf3 Nf6 2. e3 d5 3. c4 e6 4. Nc3 Bd6 5. d4 b6 6. Bd3 Bb7 7. O-O O-O 8. b3 Nbd7 9. Bb2 a6 10. Rc1 Ne4 11. Qc2 f5 12. cxd5 exd5 13. Ne2 Rf6 14. Ne5 Rh6 15. g3 Qe8 16. Nxd7 Qxd7 17. f3 Rf8 18. Nf4 Ng5 19. h4 Nh3+ 20. Nxh3 Bxg3 21. Nf4 Bxf4 22. exf4 Rxh4 23. Qxc7 Qe6 24. Rf2 Rf6 25. Qb8+ Rf8 26. Qxb7 1-0


[Site "https://www.chess.com"]

[Event "Titled Tuesday Blitz February 22 Late 2022"]
[White "Clawitter, Craig"]
[Black "Desideri, Ricardo Maruchi"]
[WhiteFideId "2023105"]
[BlackFideId "2110440"]
[WhiteElo "2208"]
[BlackElo "1945"]
[Result "1-0"]
[Round "11"]
[TimeControl "180+1"]
[Date "2022.02.23"]
[WhiteClock "0:00:49"]
[BlackClock "0:00:02"]

1. e4 c5 2. Nf3 d6 3. d4 cxd4 4. Nxd4 Nf6 5. Nc3 a6 6. Be3 e6 7. Be2 b5 8. a3 Bb7 9. Bf3 Qc7 10. O-O Nbd7 11. g4 Ne5 12. g5 Nxf3+ 13. Qxf3 Nd7 14. Qg3 Be7 15. Rad1 O-O 16. f4 Nc5 17. f5 e5 18. f6 exd4 19. fxe7 Qxe7 20. Rxd4 Nxe4 21. Nxe4 Bxe4 22. Re1 d5 23. Bf4 Qc5 24. c3 Rfe8 25. h4 a5 26. h5 b4 27. h6 bxc3 28. bxc3 Rac8 29. Be5 Qb6 30. Bxg7 Rc4 31. Re3 Rec8 32. Qe5 Qb1+ 33. Kf2 Qh1 34. Rxc4 Qg2+ 35. Ke1 1-0


[Site "https://www.chess.com"]

[Event "Titled Tuesday Blitz February 22 Late 2022"]
[White "Cunha, Lucas Aguiar"]
[Black "Baker, Chris W"]
[WhiteFideId "2125404"]
[BlackFideId "401676"]
[WhiteElo "2361"]
[BlackElo "2271"]
[Result "1-0"]
[Round "11"]
[TimeControl "180+1"]
[Date "2022.02.23"]
[WhiteClock "0:00:39"]
[BlackClock "0:00:29"]

1. e4 e5 2. Nf3 Nc6 3. Nc3 Nf6 4. Bb5 Be7 5. O-O d6 6. d4 exd4 7. Nxd4 Bd7 8. Bf4 Nxd4 9. Qxd4 Bxb5 10. Nxb5 O-O 11. c4 Nd7 12. Rad1 Bf6 13. Qd2 Re8 14. Rfe1 Nc5 15. f3 a6 16. Nc3 Bxc3 17. Qxc3 Ne6 18. Be3 Qh4 19. Bf2 Qg5 20. Rd5 Qg6 21. Be3 h6 22. Qd2 Rad8 23. Rd1 Qf6 24. b3 Qg6 25. h4 h5 26. Rf5 f6 27. Qd5 c6 28. Qd2 Qf7 29. Ra5 Nc7 30. Bb6 Re7 31. Qf4 Ne6 32. Qg3 Rdd7 33. Rxd6 Rxd6 34. Qxd6 Rd7 35. Qg3 Rd1+ 36. Kh2 Qd7 37. Rxh5 Qd2 38. Qb8+ Kf7 39. Rh8 Qf4+ 40. Qxf4 Nxf4 41. Be3 Ng6 42. Rb8 Nxh4 43. Rxb7+ Kg6 44. Kg3 Rh1 45. Rc7 f5 46. Bd4 f4+ 47. Kxf4 Nxg2+ 48. Kg3 Ne1 49. Rxg7+ Kh6 50. Rc7 Nc2 51. Rxc6+ Kh7 52. Rc7+ Kg6 53. Rc6+ Kf7 54. Bf2 Ra1 55. Rxa6 Nb4 56. Ra7+ Ke6 57. f4 Nd3 58. Bd4 1-0


[Site "https://www.chess.com"]

[Event "Titled Tuesday Blitz February 22 Late 2022"]
[White "De Souza, Cristiano Gomes"]
[Black "Stanisz, Patryk"]
[WhiteFideId "2151758"]
[BlackFideId "1123106"]
[WhiteElo "2068"]
[BlackElo "1876"]
[Result "1-0"]
[Round "11"]
[TimeControl "180+1"]
[Date "2022.02.23"]
[WhiteClock "0:01:49"]
[BlackClock "0:00:23"]

1. d4 f5 2. c4 Nf6 3. g3 g6 4. Bg2 Bg7 5. Nf3 O-O 6. O-O d6 7. b3 Qe8 8. Ba3 Na6 9. Nc3 Bd7 10. Rc1 h6 11. d5 g5 12. Nd4 Qh5 13. Qd3 f4 14. Ne6 Ng4 15. h3 Ne5 16. Qe4 Bxe6 17. dxe6 c6 18. Rcd1 Nc7 19. Rxd6 exd6 20. Bxd6 Nxe6 21. Bxe5 fxg3 22. fxg3 Rxf1+ 23. Bxf1 Rf8 24. Bg2 Qf7 25. Nd1 Qf5 26. Bxg7 Nxg7 27. Qxf5 Nxf5 28. g4 1-0


[Site "https://www.chess.com"]

[Event "Titled Tuesday Blitz February 22 Late 2022"]
[White "Deac, Bogdan-Daniel"]
[Black "Timofeev, Artyom"]
[WhiteFideId "1226380"]
[BlackFideId "4140419"]
[WhiteElo "2646"]
[BlackElo "2583"]
[Result "1-0"]
[Round "11"]
[TimeControl "180+1"]
[Date "2022.02.22"]
[WhiteClock "0:00:07"]
[BlackClock "0:00:04"]

1. e4 c5 2. Nf3 Nc6 3. Bb5 d6 4. O-O Bd7 5. c3 Nf6 6. Re1 a6 7. Bf1 Bg4 8. d4 Bxf3 9. gxf3 g5 10. Na3 Nh5 11. e5 e6 12. exd6 Bxd6 13. d5 Ne5 14. dxe6 Qf6 15. f4 Nxf4 16. Qxd6 Nf3+ 17. Kh1 Nxe1 18. Bxf4 Qxf4 19. exf7+ Kxf7 20. Bc4+ Kg7 21. Qe7+ Kg6 22. Qe6+ Qf6 23. Rxe1 Qxe6 24. Rxe6+ Kf5 25. Rb6 Rad8 26. Rxb7 Rd2 27. Rf7+ Kg6 28. Rf3 Rxb2 29. h3 Rd8 30. Bb3 Rdd2 31. Kg2 Re2 32. Nc4 Rb1 33. Ne3 Rbb2 34. Nc4 Rb1 35. Ne5+ Kg7 36. Rf7+ Kh6 37. Ng4+ Kg6 38. Rf6+ Kg7 39. Rxa6 Rbb2 40. Ra7+ Kg6 41. Ra6+ Kg7 42. Bc4 Rec2 43. Ra7+ Kf8 44. Rxh7 Rxc3 45. Ne5 Ke8 46. Rg7 Rb4 47. Rxg5 Rbxc4 48. Nxc4 Rxc4 49. Rg4 Rc2 50. a4 Kd7 51. h4 c4 52. h5 Kd6 53. h6 Ra2 54. h7 Rxa4 55. h8=Q 1-0


[Site "https://www.chess.com"]

[Event "Titled Tuesday Blitz February 22 Late 2022"]
[White "Djokic, Mihailo"]
[Black "Mekhitarian, Krikor Sevag"]
[WhiteFideId "976440"]
[BlackFideId "2107660"]
[WhiteElo "2008"]
[BlackElo "2598"]
[Result "1-0"]
[Round "11"]
[TimeControl "180+1"]
[Date "2022.02.22"]
[WhiteClock "0:00:09"]
[BlackClock "0:00:01"]

1. e4 c5 2. Nf3 g6 3. d4 cxd4 4. Nxd4 Nc6 5. Nc3 Bg7 6. Be3 Nf6 7. Bc4 O-O 8. Bb3 Re8 9. O-O d6 10. h3 Na5 11. f4 b6 12. Re1 Nxb3 13. axb3 Bb7 14. Bf2 a6 15. e5 dxe5 16. fxe5 Nd5 17. e6 f5 18. Nce2 Nf6 19. c3 Ne4 20. Qd3 Qd6 21. Be3 Be5 22. Rad1 Rad8 23. Qc2 Bh2+ 24. Kf1 Qc7 25. Nf3 Ng3+ 26. Kf2 Ne4+ 27. Kf1 Bd6 28. Kg1 Qc8 29. Bxb6 Qxe6 30. Bxd8 Rxd8 31. Ned4 Qf6 32. b4 Bb8 33. Qb3+ Bd5 34. c4 Bb7 35. c5+ Bd5 36. Qc2 e6 37. Qe2 e5 38. Nc2 Bc7 39. Ne3 Bb7 40. Rxd8+ Qxd8 41. Rd1 Qe8 42. Nd5 Bd8 43. Qc4 Kg7 44. Nc3 Bc6 45. Nxe4 Bxe4 46. Nxe5 1-0


[Site "https://www.chess.com"]

[Event "Titled Tuesday Blitz February 22 Late 2022"]
[White "Elissalt Cardenas, Hector"]
[Black "Kujawski, Adam"]
[WhiteFideId "3500632"]
[BlackFideId "1100920"]
[WhiteElo "2159"]
[BlackElo "2053"]
[Result "0-1"]
[Round "11"]
[TimeControl "180+1"]
[Date "2022.02.23"]
[WhiteClock "0:00:34"]
[BlackClock "0:00:13"]

1. d4 Nf6 2. c4 e6 3. Nc3 Bb4 4. e3 c5 5. Bd3 Nc6 6. a3 Bxc3+ 7. bxc3 d6 8. Ne2 e5 9. O-O O-O 10. e4 Re8 11. d5 Ne7 12. f3 h6 13. Be3 g5 14. h4 gxh4 15. Bxh6 Nh7 16. Qd2 Ng6 17. f4 Bg4 18. f5 Nh8 19. Nc1 f6 20. Be2 Bxe2 21. Qxe2 Nf7 22. Qh5 Kh8 23. Qxf7 Rg8 24. Rf3 Rg4 25. Re3 Qg8 26. Re2 Qxf7 27. Raa2 Qh5 28. Be3 Rag8 29. Nd3 Ng5 30. Bxg5 Qxg5 31. Ne1 h3 32. Kh2 hxg2 33. Nxg2 Rxg2+ 34. Rxg2 Qh4+ 35. Kg1 Qxe4 36. Rxg8+ Kxg8 37. Rg2+ Qxg2+ 38. Kxg2 Kh7 39. Kg3 Kh6 40. Kh4 e4 41. Kg4 e3 42. Kf3 Kg5 43. Kxe3 Kxf5 44. Kf3 Ke5 45. Ke3 f5 46. Kf3 f4 47. Ke2 Ke4 0-1


[Site "https://www.chess.com"]

[Event "Titled Tuesday Blitz February 22 Late 2022"]
[White "Erdogdu, Mert"]
[Black "Barp, Alberto"]
[WhiteFideId "6301495"]
[BlackFideId "872555"]
[WhiteElo "2485"]
[BlackElo "2229"]
[Result "0-1"]
[Round "11"]
[TimeControl "180+1"]
[Date "2022.02.22"]
[WhiteClock "0:00:02"]
[BlackClock "0:00:17"]

1. e4 c5 2. Nf3 a6 3. c4 Nc6 4. d4 cxd4 5. Nxd4 e5 6. Nb3 Nf6 7. Bd3 Bb4+ 8. N3d2 O-O 9. O-O d6 10. a3 Bc5 11. Nc3 Nd4 12. b4 Ba7 13. Kh1 Ng4 14. g3 f5 15. exf5 Qg5 16. Nde4 Qh5 17. h4 Bxf5 18. Kg2 Rad8 19. Nd5 Qf7 20. Ra2 h6 21. Nec3 Bxd3 22. Qxd3 Nf3 23. Qe4 Nfh2 24. Re1 Nxf2 25. Qe2 Nhg4 26. Ne4 Qf5 27. Ne7+ Kh7 28. Nxf5 Rxf5 29. Qc2 g6 30. Re2 Nh1 31. Nxd6 Rxd6 32. Kxh1 Rf1+ 33. Kg2 Rg1+ 34. Kf3 h5 35. Ke4 Rd4+ 36. Kf3 e4+ 37. Kf4 Bb8+ 0-1


[Site "https://www.chess.com"]

[Event "Titled Tuesday Blitz February 22 Late 2022"]
[White "Gatterer, Florian"]
[Black "Papp, Levente"]
[WhiteFideId "811688"]
[BlackFideId "751243"]
[WhiteElo "2218"]
[BlackElo "2308"]
[Result "0-1"]
[Round "11"]
[TimeControl "180+1"]
[Date "2022.02.23"]
[WhiteClock "0:00:51"]
[BlackClock "0:00:51"]

1. b3 d6 2. d4 Nd7 3. Bb2 Ngf6 4. g3 g6 5. Bg2 Bg7 6. h4 h6 7. Nd2 O-O 8. Ngf3 e5 9. dxe5 Ng4 10. Qc1 dxe5 11. c4 Re8 12. e3 Nc5 13. Bf1 Bf5 14. Qc3 Bf6 15. Rd1 Qe7 16. Ba3 Rad8 17. Qb4 b6 18. Be2 Bd3 19. Qc3 e4 20. Nd4 Bxd4 21. exd4 e3 22. Bxd3 exf2+ 23. Kf1 Qe1+ 24. Kg2 Ne3+ 25. Kh3 Nxd1 26. Qc2 Qxh1+ 27. Kg4 Ne3+ 28. Kf4 Rxd4+ 29. Ne4 Nxc2 30. Bxc5 Rdxe4+ 31. Bxe4 Rxe4# 0-1


[Site "https://www.chess.com"]

[Event "Titled Tuesday Blitz February 22 Late 2022"]
[White "Gimenez Aguirre, Alejo Ismael"]
[Black "Sarkar, Justin"]
[WhiteFideId "32041667"]
[BlackFideId "2010011"]
[WhiteElo "2031"]
[BlackElo "2038"]
[Result "1-0"]
[Round "11"]
[TimeControl "180+1"]
[Date "2022.02.23"]
[WhiteClock "0:00:24"]
[BlackClock "0:00:01"]

1. e4 e5 2. Nf3 Nc6 3. Bb5 a6 4. Ba4 Nf6 5. O-O Be7 6. Re1 b5 7. Bb3 d6 8. h3 Na5 9. d4 exd4 10. e5 dxe5 11. Bxf7+ Kxf7 12. Nxe5+ Kg8 13. Bd2 b4 14. a3 Bb7 15. Qe2 Qd5 16. f4 Re8 17. axb4 Nc6 18. c4 dxc3 19. Nxc3 Qd4+ 20. Be3 Qxb4 21. Ra4 Qb3 22. Nxc6 Bxc6 23. Rxa6 Bc5 24. Qd2 Rxe3 25. Rxe3 Nd5 26. Kh1 Bxe3 27. Qe2 Qb7 28. Nxd5 Bxd5 29. Qxe3 Kf7 30. Ra7 Qc6 31. Qe5 Rc8 32. Qf5+ Ke7 33. Qxc8 1-0


[Site "https://www.chess.com"]

[Event "Titled Tuesday Blitz February 22 Late 2022"]
[White "Goltseva, Ekaterina"]
[Black "Kobo, Ori"]
[WhiteFideId "24173770"]
[BlackFideId "2812320"]
[WhiteElo "2140"]
[BlackElo "2420"]
[Result "0-1"]
[Round "11"]
[TimeControl "180+1"]
[Date "2022.02.22"]
[WhiteClock "0:00:07"]
[BlackClock "0:00:07"]

1. d4 Nf6 2. c4 g6 3. Nc3 Bg7 4. e4 d6 5. Nge2 O-O 6. Ng3 a6 7. Be2 c6 8. O-O b5 9. cxb5 axb5 10. Bg5 Nbd7 11. a3 Bb7 12. f4 Qb6 13. Kh1 c5 14. Nxb5 cxd4 15. Qxd4 Qxd4 16. Nxd4 Nxe4 17. Nxe4 Bxe4 18. Rad1 Rfb8 19. Bxe7 Rxb2 20. Bb5 Bxg2+ 21. Kg1 Bxf1 22. Bxf1 Rxa3 23. Bxd6 Raa2 24. Nc6 Rd2 25. Ne7+ Kh8 26. Rxd2 Rxd2 27. Bb4 Bd4+ 28. Kh1 Rf2 29. Bc4 Rxf4 30. Nd5 Rf5 31. Ne7 Rf2 32. Nc6 Bf6 33. Kg1 Rf4 34. Bxf7 Kg7 35. Bd5 Ne5 36. Bd6 Rf5 37. Nxe5 Bxe5 38. Bxe5+ Rxe5 39. Bg2 Kf6 40. Kf2 Kg5 41. Kg3 Re3+ 42. Bf3 Rc3 43. h4+ Kf5 44. Kg2 Kf4 45. Bb7 Kg4 46. h5 Kxh5 47. Be4 Kg4 48. Bd5 g5 49. Be4 h5 50. Bd5 Kf4 51. Bc6 Rc2+ 52. Kh1 Rxc6 0-1


[Site "https://www.chess.com"]

[Event "Titled Tuesday Blitz February 22 Late 2022"]
[White "Golubev, Mikhail"]
[Black "Warakomska, Anna"]
[WhiteFideId "14100983"]
[BlackFideId "1130790"]
[WhiteElo "2374"]
[BlackElo "2062"]
[Result "1-0"]
[Round "11"]
[TimeControl "180+1"]
[Date "2022.02.23"]
[WhiteClock "0:00:24"]
[BlackClock "0:00:03"]

1. e4 c5 2. Nf3 e6 3. d4 cxd4 4. Nxd4 Nc6 5. Nc3 Qc7 6. Be3 a6 7. a3 b5 8. Nxc6 Qxc6 9. Bd3 Bb7 10. O-O Qc7 11. Qe2 Ne7 12. f4 d6 13. f5 Nc6 14. fxe6 fxe6 15. Qh5+ g6 16. Qh3 Qe7 17. Rae1 Ne5 18. Ne2 O-O-O 19. Nd4 Re8 20. a4 b4 21. Bd2 Bg7 22. Bxb4 h5 23. Nb3 Ng4 24. Bc3 Bxc3 25. bxc3 Rhf8 26. Qg3 Qc7 27. Nd4 Qb6 28. Kh1 e5 29. Nf3 Qa5 30. h3 Qxc3 31. hxg4 hxg4 32. Qxg4+ Kb8 33. Nh2 Rh8 34. Rb1 Qd4 35. Qg3 1-0


[Site "https://www.chess.com"]

[Event "Titled Tuesday Blitz February 22 Late 2022"]
[White "Golubka, Petro"]
[Black "Pinheiro, Iung Alicio de O."]
[WhiteFideId "14114224"]
[BlackFideId "2104350"]
[WhiteElo "2392"]
[BlackElo "2594"]
[Result "1-0"]
[Round "11"]
[TimeControl "180+1"]
[Date "2022.02.22"]
[WhiteClock "0:00:17"]
[BlackClock "0:00:32"]

1. e4 c5 2. Nf3 Nc6 3. Bb5 e6 4. Bxc6 bxc6 5. b3 Ne7 6. Bb2 Ng6 7. h4 h5 8. Nc3 Be7 9. Ne2 f6 10. Ng3 Nf4 11. Kf1 d6 12. d3 e5 13. Bc1 Ne6 14. Nf5 Bf8 15. c3 g6 16. Ng3 a5 17. d4 Ba6+ 18. Kg1 cxd4 19. cxd4 Qb6 20. Be3 Qb7 21. Rc1 Be7 22. Kh2 O-O 23. Re1 Rfc8 24. Qd2 a4 25. bxa4 c5 26. dxe5 dxe5 27. Qc3 Kg7 28. a5 Nd4 29. Rb1 Qc7 30. Rb6 Bb7 31. Reb1 Bc6 32. a6 Ra7 33. a4 Rca8 34. Qc4 Be8 35. a5 Bf7 36. Qd3 Qd8 37. Rb7 c4 38. Qc3 Rxa6 39. Nxd4 exd4 40. Bxd4 Rd6 41. Ne2 Rd7 42. Rxd7 Qxd7 43. f4 Be6 44. Rb6 Bd8 45. f5 gxf5 46. exf5 Bd5 47. Bxf6+ Kh7 48. Bxd8 Rxd8 49. Nf4 Qc7 50. Qe3 Rg8 51. Rg6 Rxg6 52. fxg6+ Kg7 53. Qd4+ Kh6 54. g3 Bg8 55. Qh8+ Bh7 56. gxh7 Qd7 57. Qf6+ Kxh7 58. Qg6+ Kh8 59. Qxh5+ Kg8 60. Qg6+ Kf8 61. Qf6+ Kg8 62. Qe6+ Qxe6 63. Nxe6 c3 64. Nd4 c2 65. Nxc2 Kf7 66. Nb4 Ke6 67. a6 Kd6 68. a7 Kc5 69. a8=Q Kb5 70. Qb7+ Kc4 71. Na6 Kd3 72. Qb4 Ke2 73. Qc3 Kf1 74. Qc2 Ke1 75. g4 Kf1 76. Kg3 Ke1 77. Kf4 Kf1 78. Kf3 Kg1 79. Qg2# 1-0


[Site "https://www.chess.com"]

[Event "Titled Tuesday Blitz February 22 Late 2022"]
[White "Gomez Ledo, Roberto Carlos"]
[Black "Gracia Alvarez, Gerardo Antonio"]
[WhiteFideId "3507076"]
[BlackFideId "5109124"]
[WhiteElo "2379"]
[BlackElo "2139"]
[Result "0-1"]
[Round "11"]
[TimeControl "180+1"]
[Date "2022.02.23"]
[WhiteClock "0:00:01"]
[BlackClock "0:01:02"]

1. d4 Nf6 2. Bf4 g6 3. Nc3 d5 4. Nb5 Na6 5. e3 Bg7 6. h3 O-O 7. Nf3 c5 8. c3 Bd7 9. a4 Ne4 10. Be2 Bc6 11. O-O Nd6 12. Rb1 c4 13. Bxd6 exd6 14. b3 cxb3 15. Qxb3 Qd7 16. Qa3 Rfd8 17. Rb3 Nb8 18. Qb2 a6 19. Na3 Qe7 20. a5 Nd7 21. c4 Nf6 22. Rb6 Rac8 23. Qb3 dxc4 24. Nxc4 Nd5 25. Rb4 Nxb4 26. Qxb4 Bb5 27. Nfd2 Bf8 28. d5 Rc5 0-1


[Site "https://www.chess.com"]

[Event "Titled Tuesday Blitz February 22 Late 2022"]
[White "Goryachkina, Aleksandra"]
[Black "Domingo Nunez, Alejandro"]
[WhiteFideId "4147103"]
[BlackFideId "22245561"]
[WhiteElo "2426"]
[BlackElo "2215"]
[Result "1-0"]
[Round "11"]
[TimeControl "180+1"]
[Date "2022.02.22"]
[WhiteClock "0:00:08"]
[BlackClock "0:00:14"]

1. e4 g6 2. d4 Bg7 3. c4 d6 4. Nc3 Nd7 5. Be3 e5 6. d5 Ne7 7. h4 f5 8. f3 Nf6 9. Bd3 O-O 10. Nge2 Nh5 11. Qc2 fxe4 12. fxe4 Nf4 13. O-O-O Bg4 14. g3 Nh5 15. Rdf1 Bf3 16. Rhg1 Qd7 17. Qd2 Rf7 18. Kb1 Raf8 19. Nc1 Qh3 20. Rf2 Nc8 21. g4 Bxg4 22. Rh2 Qf3 23. Be2 Qf6 24. Bxg4 Nf4 25. Bxf4 exf4 26. Be6 Nb6 27. Qd3 Kh8 28. Bxf7 Rxf7 29. Rf1 Nd7 30. N1e2 Nc5 31. Qf3 Bh6 32. Nc1 Qd4 33. Nb3 Qxc4 34. Nxc5 Qxc5 35. Re1 Qd4 36. Rhe2 Bg7 37. e5 Bxe5 38. Re4 Qc5 39. Rxe5 dxe5 40. Rxe5 Qg1+ 41. Kc2 Qh2+ 42. Re2 Qxh4 43. Kb3 Kg7 44. d6 cxd6 45. Nd5 Qg5 46. Qc3+ Kg8 47. Re8+ Rf8 48. Nf6+ Kf7 49. Rxf8+ Kxf8 50. Nxh7+ Ke7 51. Nxg5 Kd7 52. Nf3 Ke6 53. Qd4 Kf5 54. Qd5+ Kg4 55. Kc4 g5 56. Qe4 Kg3 57. Nxg5 Kg4 58. Nf3 b5+ 59. Kxb5 d5 60. Qxd5 Kg3 61. Ka6 Kg4 62. Kxa7 Kg3 63. b4 Kg4 64. b5 Kg3 65. b6 Kg4 66. b7 Kg3 67. b8=Q Kg4 68. Qbg8+ 1-0


[Site "https://www.chess.com"]

[Event "Titled Tuesday Blitz February 22 Late 2022"]
[White "Hakemi, Arman"]
[Black "Kamsky, Gata"]
[WhiteFideId "22520805"]
[BlackFideId "2000024"]
[WhiteElo "2208"]
[BlackElo "2645"]
[Result "0-1"]
[Round "11"]
[TimeControl "180+1"]
[Date "2022.02.22"]
[WhiteClock "0:00:02"]
[BlackClock "0:00:22"]

1. e4 c5 2. Nf3 e6 3. c3 Nf6 4. e5 Nd5 5. g3 Nc6 6. Bg2 d6 7. exd6 Bxd6 8. O-O O-O 9. d4 Bd7 10. c4 Nf6 11. Nc3 cxd4 12. Nxd4 Nxd4 13. Qxd4 Bc6 14. Bxc6 bxc6 15. Rd1 Be7 16. Qxd8 Rfxd8 17. Bg5 h6 18. Be3 c5 19. Na4 Rxd1+ 20. Rxd1 Rc8 21. b3 Kf8 22. f3 Ke8 23. Kf2 Nd7 24. Nc3 a6 25. f4 f5 26. Re1 Rc6 27. Bc1 Nb6 28. Bb2 Bf6 29. Nd1 Kf7 30. Bxf6 Kxf6 31. Nb2 Rd6 32. Rd1 Rxd1 33. Nxd1 e5 34. fxe5+ Kxe5 35. Ke3 g5 36. Nf2 a5 37. Nd3+ Kd6 38. h4 Nd7 39. a3 Ne5 40. Nf2 a4 41. bxa4 Nxc4+ 42. Kd3 Ne5+ 43. Kc3 gxh4 44. gxh4 f4 45. a5 Kc6 46. a4 Kb7 47. Ne4 Nd7 48. Kd3 Ka6 49. Ke2 c4 50. Kf3 Kxa5 51. Kxf4 Kxa4 52. Kf5 Kb4 53. Kg6 Nc5 54. Nf6 Kc3 55. Kxh6 Kd4 56. Kg6 c3 57. h5 c2 58. h6 Ne6 59. h7 Nf8+ 60. Kf7 Nxh7 61. Nxh7 c1=Q 0-1


[Site "https://www.chess.com"]

[Event "Titled Tuesday Blitz February 22 Late 2022"]
[White "Hambleton, Aman"]
[Black "Pichot, Alan"]
[WhiteFideId "2606577"]
[BlackFideId "110973"]
[WhiteElo "2552"]
[BlackElo "2543"]
[Result "0-1"]
[Round "11"]
[TimeControl "180+1"]
[Date "2022.02.22"]
[WhiteClock "0:00:02"]
[BlackClock "0:00:24"]

1. d4 Nf6 2. c4 e6 3. Nc3 Bb4 4. Qc2 O-O 5. Nf3 d5 6. cxd5 exd5 7. Bg5 h6 8. Bh4 c5 9. e3 Nc6 10. dxc5 d4 11. O-O-O Bg4 12. Bc4 Bxc5 13. Bxf6 Qxf6 14. Ne4 Qe7 15. Nxc5 Nb4 16. Qe4 Qxc5 17. Qxd4 Qc8 18. Kb1 a5 19. e4 b5 20. Bd3 Rd8 21. Qe3 Rxd3 22. Rxd3 Qc2+ 23. Ka1 Nxd3 24. Rb1 Bxf3 25. gxf3 Rc8 26. a3 b4 27. Qd4 b3 28. f4 Qxb1+ 29. Kxb1 Rc1# 0-1


[Site "https://www.chess.com"]

[Event "Titled Tuesday Blitz February 22 Late 2022"]
[White "Hoffmann, Asa"]
[Black "Carbone, Diego"]
[WhiteFideId "2001470"]
[BlackFideId "3002179"]
[WhiteElo "2117"]
[BlackElo "2199"]
[Result "0-1"]
[Round "11"]
[TimeControl "180+1"]
[Date "2022.02.23"]
[WhiteClock "0:00:47"]
[BlackClock "0:00:47"]

1. d4 Nf6 2. Bg5 Ne4 3. Bf4 c5 4. f3 Qa5+ 5. c3 Nf6 6. d5 e6 7. e4 exd5 8. exd5 d6 9. Qd2 Be7 10. c4 Qxd2+ 11. Kxd2 Nbd7 12. Nc3 Nh5 13. Be3 f5 14. Bd3 f4 15. Bf2 Ne5 16. Nge2 g5 17. Ne4 g4 18. Ng1 Rg8 19. Re1 Kf7 20. Nxc5 gxf3 21. gxf3 Rxg1 22. Rhxg1 Nxf3+ 23. Kd1 Nxg1 24. Ne6 Nh3 25. Bd4 Bf6 26. Nc7 Bxd4 27. Nxa8 f3 28. Nc7 f2 29. Re8 Bg4+ 30. Kd2 N3f4 31. Bf1 Bh3 32. Bxh3 Nxh3 33. Ke2 N5f4+ 34. Kf1 Ng5 35. Rb8 Nf3 0-1


[Site "https://www.chess.com"]